 Dungeon Crawl Stone Soup version 0.27.1-3-gb3d3a73c9e (webtiles) character file.

Game seed: 5613879466234499342

82609 hypoxyphilia the Thaumaturge (level 15, -4/115 HPs)
             Began as a Gnoll Ice Elementalist on Oct 21, 2021.
             Was a High Priest of Vehumet.
             Killed from afar by Jorgrun (50 damage)
             ... with an iron shot
             ... on level 1 of the Orcish Mines on Oct 26, 2021.
             The game lasted 06:49:38 (34064 turns).

hypoxyphilia the Thaumaturge (GnIE)                Turns: 34064, Time: 06:49:40

Health: -4/115     AC: 20    Str:  6    XL:     15   Next: 74%
Magic:  39/39      EV: 13    Int: 26    God:    Vehumet [*****.]
Gold:   1074       SH:  6    Dex: 12    Spells: 2/36 levels left

rFire    . . .     SeeInvis .   S - staff of cold
rCold    + . .     Faith    .   F - +0 buckler
rNeg     . . .     Spirit   .   O - +0 swamp dragon scales
rPois    +         Reflect  .   y - +2 helmet
rElec    +         Harm     .   b - +0 cloak
rCorr    .         Rampage  .   d - +0 pair of gloves {archery}
Will     ++...                  B - +2 pair of boots
Stlth    ++++......             k - amulet of Tairiaf {Acrobat rElec rPois Str-2 Int+5}
HPRegen  0.29/turn              a - ring of magical power
MPRegen  0.26/turn              w - ring of willpower

@: no status effects
A: fangs 1, strong nose, distributed training
a: Renounce Religion


You were on level 1 of the Orcish Mines.
You worshipped Vehumet.
Vehumet was extremely pleased with you.
You visited 5 branches of the dungeon, and saw 22 of its levels.
You also visited: Bailey.

You collected 2678 gold pieces.
You spent 1604 gold pieces at shops.

Inventory:

Hand Weapons
 Y - a +0 dagger of holy wrath
Missiles
 P - 2 throwing nets
Armour
 b - a +0 cloak (worn)
 d - a +0 pair of gloves of archery (worn)
 y - a +2 helmet (worn)
 B - a +2 pair of boots (worn)
 C - a +2 robe of resistance
 F - a +0 buckler (worn)
 O - +0 swamp dragon scales (worn)
 Q - the +0 leather armour "Xiob" {Int+2 Stlth+}
   (You found it on level 1 of the Lair of Beasts)

   Int:       It affects your intelligence (+2).
   Stlth:     It makes you more stealthy.
 W - a +1 robe of willpower
Magical Staves
 S - a staff of cold (weapon)
Jewellery
 a - a ring of magical power (left hand)
 g - a ring of poison resistance
 k - the amulet of Tairiaf (around neck) {Acrobat rElec rPois Str-2 Int+5}
   (You acquired it in a bailey)

   [amulet of the acrobat]

   It increases your evasion while moving and waiting.
   Str:       It affects your strength (-2).
   Int:       It affects your intelligence (+5).
   rElec:     It insulates you from electricity.
   rPois:     It protects you from poison.
 n - a +6 ring of intelligence
 s - a ring of protection from fire
 w - a ring of willpower (right hand)
 E - a ring of resist corrosion
 H - an amulet of reflection
 K - a ring of see invisible
 M - a ring of protection from cold
 N - an amulet of faith
Wands
 e - a wand of paralysis (9)
 v - a wand of mindburst (39)
 L - a wand of digging (6)
Scrolls
 i - a scroll of vulnerability {unknown}
 j - a scroll of silence {unknown}
 m - 4 scrolls of amnesia
 o - a scroll of enchant armour
 p - 8 scrolls of teleportation
 t - 2 scrolls of immolation {unknown}
 u - 3 scrolls of blinking
 D - 3 scrolls of brand weapon {unknown}
 G - 2 scrolls of holy word {unknown}
 J - 2 scrolls of torment {unknown}
 R - 2 scrolls of identify
 V - 2 scrolls of fear {unknown}
 X - 2 scrolls of noise {unknown}
Potions
 c - 7 potions of curing
 h - 2 potions of heal wounds
 l - a potion of flight
 q - 4 potions of brilliance
 r - 4 potions of ambrosia
 x - 2 potions of resistance {unknown}
 z - 2 potions of magic {unknown}
 A - a potion of lignification {unknown}
 I - 2 potions of haste
 T - a potion of invisibility {unknown}
 U - 3 potions of cancellation
 Z - a potion of berserk rage {unknown}
Miscellaneous
 f - a phial of floods


   Skills:
 + Level 10.2 Fighting
 + Level 10.2 Short Blades
 + Level 10.2 Long Blades
 + Level 10.2 Axes
 + Level 10.2 Maces & Flails
 + Level 10.2 Polearms
 + Level 10.2 Staves
 + Level 10.2 Slings
 + Level 10.2 Bows
 + Level 10.2 Crossbows
 + Level 10.2 Throwing
 + Level 10.2 Armour
 + Level 11.1 Dodging
 + Level 11.0 Stealth
 + Level 10.2 Shields
 + Level 10.2 Unarmed Combat
 + Level 11.3 Spellcasting
 + Level 8.6 Conjurations
 + Level 8.6 Hexes
 + Level 8.6 Summonings
 + Level 8.6 Necromancy
 + Level 8.6 Translocations
 + Level 8.6 Transmutations
 + Level 8.6 Fire Magic
 + Level 11.1 Ice Magic
 + Level 8.6 Air Magic
 + Level 8.6 Earth Magic
 + Level 8.6 Poison Magic
 + Level 11.1 Invocations
 + Level 10.2 Evocations


You had 2 spell levels left.
You knew the following spells:

 Your Spells              Type           Power      Damage    Failure   Level
a - Freeze                Ice            100%       1d11      1%          1
b - Frozen Ramparts       Ice            100%       1d12      1%          3
c - Ozocubu's Armour      Ice            83%        N/A       1%          3
d - Hailstorm             Conj/Ice       78%        3d16      1%          4
e - Ice Form              Ice/Tmut       78%        N/A       1%          4
f - Summon Ice Beast      Ice/Summ       78%        N/A       1%          4
g - Mephitic Cloud        Conj/Pois/Air  56%        N/A       1%          3
h - Ozocubu's Refrigerat  Ice            41%        4d13      26%         7
i - Bolt of Magma         Conj/Fire/Erth 28%        4d13      2%          5

Your spell library contained the following spells:

 Spells                   Type           Power      Damage    Failure   Level
 Conjure Ball Lightning   Conj/Air       28%        3x3d8     13%         6
 Beastly Appendage        Tmut           100%       N/A       1%          1
 Sandblast                Erth           100%       2d20      1%          1
 Slow                     Hex            56%        N/A       1%          2
 Wereblood                Tmut           56%        N/A       1%          2
 Confusing Touch          Hex            56%        N/A       1%          3
 Conjure Flame            Conj/Fire      56%        6-21      1%          3
 Ignite Poison            Fire/Tmut/Pois 56%        N/A       1%          3
 Spider Form              Tmut/Pois      28%        N/A       1%          3
 Vampiric Draining        Necr           28%        2d10      1%          3
 Olgreb's Toxic Radiance  Pois           56%        N/A       1%          4
 Sticky Flame             Conj/Fire      56%        2d7       1%          4
 Leda's Liquefaction      Hex/Erth       28%        N/A       3%          4
 Statue Form              Tmut/Erth      37%        N/A       45%         6
 Ignition                 Fire           28%        3d9       99%         8


Dungeon Overview and Level Annotations

Branches:
Dungeon (12/15)            Temple (1/1) D:7            Lair (6/6) D:10
  Swamp (1/4) Lair:3       Spider (0/4) Lair:2        Slime (0/5) Lair:5
    Orc (2/2) D:12            Elf (0/3) Orc:2        Bailey (visited)

Altars:
Ashenzari
Cheibriados
Dithmenos
Elyvilon
Fedhas
Gozag
Hepliaklqana
Kikubaaqudgha
Makhleb
Nemelex Xobeh
Okawaru
Qazlal
Ru
Sif Muna
Trog
Uskayaw
Vehumet
Wu Jian
Xom
Yredelemnul
Zin
The Shining One
Beogh
Lugonu

Shops:
D:6 =   Orc:2 [[[?

Portals:
Abyss: D:3

Annotations:
Lair:1 3 runed translucent doors, FortyBot's ghost, journeyman FoFi
Lair:2 exclusion: downstairs
Lair:3 exclusion: death yak
Lair:4 exclusion: oklob plant
Orc:1 Jorgrun


Innate Abilities, Weirdness & Mutations

You have very sharp teeth.
Your uncanny sense of smell can sniff out nearby items.
Your experience applies equally to all skills.


Message History

You swap places.
Your ice beast hits the orc warlord but does no damage.
Your ice beast barely misses the orc warlord.
Found 31 gold pieces.
Casting: Summon Ice Beast (mildly dangerous; 1% risk of failure)
Confirm with . or Enter, or press ? or * to list all spells.
The spell is quite dangerous to cast (26% risk of failure)!
Continue anyway?
Okay, then.
The orc completely misses you. The orc barely misses you.
Your ice beast hits the orc warlord.
Your ice beast freezes the orc warlord!!
An orc priest comes into view. It is wielding a +0 hand axe.
The orc completely misses you.
Your ice beast hits the orc.
Your ice beast freezes the orc!
The orc dies!
Vehumet accepts your kill.
Your ice beast hits the orc warlord but does no damage.
Jorgrun casts a spell at you.
Roots burst forth from the earth!
The grasping roots grab you! The grasping roots constrict you!
The orc warlord roars a battlecry!
The orc priest goes into a battle-frenzy!
Your ice beast hits the orc warlord but does no damage.
You escape the roots' grasp.
The orc warlord hits something with a +0 long sword.
Jorgrun hits you but does no damage.
The orc priest looks satisfied for a moment.
Jorgrun points at you and mumbles some strange words.
The iron shot hits you!!
Jorgrun points at you and mumbles some strange words.
The iron shot hits you!!!
Ouch! That really hurt!
* * * LOW HITPOINT WARNING * * *
Your ice beast barely misses Jorgrun.
There is a stone staircase leading down, spattered with blood here.
You feel much better. Jorgrun gestures at you while chanting.
The iron shot hits you!!!
You die...

.#.......... ......#...$.#
#............ .#
##...#......
..###.........##### .
##..#..........##.####
..#....................###
.).).).........Y.........##
#)[).........@g##.......$.#
#.)..........o............
.)##...$.....o..).........#
#).)....................#
)))..)...................#.
)..................#.#..##
))............#[.....####
...)..........).......
).......#$[#.[.[..#.....


You could see Jorgrun, an orc warlord (ally target), an orc priest (strong) and
a friendly ice beast (summoned).

Vanquished Creatures
  Rupert (D:12)
  Gastronok (Lair:2)
  An orc warlord (Bailey)
  Nessos (D:12)
  An ice dragon (Lair:6)
  2 boulder beetles
  Harold (D:9)
  4 hydras
  An anaconda (Lair:6)
  A two-headed ogre (D:12)
  A centaur warrior (D:11)
  3 death knights (D:11)
  The ghost of SquidGame the Cleaver, a journeyman TeBe of Trog (D:10)
  2 death yaks (Lair:3)
  An orc high priest (Orc:2)
  Sonja (D:10)
  2 skeletal warriors (D:11)
  A fire crab (Lair:4)
  2 orc knights
  2 lindwurms (Lair:6)
  A deep elf pyromancer (D:12)
  Pikel (D:4)
  6 orc sorcerers
  An oklob plant (Lair:2)
  An ugly thing (D:12)
  A wolf spider (Lair:6)
  2 cyclopes
  5 elephants
  3 black mambas
  Joseph (D:9)
  12 cane toads
  2 gargoyles (D:12)
  An unseen horror (D:12)
  2 centaur zombies
  8 torpor snails
  Maggie (D:8)
  7 komodo dragons
  2 tormentors (D:11)
  7 polar bears (Lair:6)
  5 hornets (Lair:6)
  4 trolls
  A jumping spider (Lair:2)
  3 tyrant leeches (Lair:6)
  A blink frog (shapeshifter) (D:9)
  19 blink frogs
  A raiju (Lair:6)
  4 dream sheep (Lair:4)
  Sigmund (D:6)
  2 shadows
  4 wyverns
  28 yaks
  A wraith (D:11)
  2 basilisks
  A steam dragon (D:9)
  8 wargs
  2 acid dragons
  15 water moccasins
  3 sky beasts
  14 hell hounds (Lair:6)
  8 black bears (Lair:6)
  26 orc warriors
  7 ogres
  7 centaurs
  14 wolves
  4 lemures (D:4)
  7 bullfrogs
  A gnoll sergeant (D:11)
  A wyvern zombie (D:9)
  A water moccasin zombie (D:6)
  7 killer bees
  5 wights
  An electric eel (D:9)
  6 howler monkeys
  A bullfrog zombie (D:6)
  16 jellies
  2 hounds
  A centaur skeleton (D:4)
  A gnoll shaman (D:5)
  19 orc priests
  4 bullfrog skeletons
  5 iguanas
  Ijyb (D:4)
  31 orc wizards
  10 hell rats
  Terence (D:3)
  2 killer bee zombies
  3 hound skeletons
  Robin (D:4)
  9 gnolls
  8 adders
  2 white imps
  3 dart slugs
  46 orcs
  5 bats
  6 endoplasms
  3 giant cockroaches
  22 goblins
  6 hobgoblins
  2 jackals (D:1)
  2 quokkas
  6 ball pythons
  4 frilled lizards
  25 kobolds
  6 rats
561 creatures vanquished.

Vanquished Creatures (collateral kills)
  Snorg (D:10)
  4 hydras
  A death knight (D:11)
  A two-headed ogre (D:10)
  A centaur warrior (D:12)
  A death yak (Lair:3)
  A deep elf zephyrmancer (D:7)
  4 elephants
  A rime drake (Lair:3)
  3 cane toads
  3 komodo dragons
  A troll (D:12)
  4 polar bears
  7 blink frogs
  A hornet (Lair:6)
  Prince Ribbit (Lair:1)
  2 dream sheep (Lair:4)
  6 yaks
  A basilisk (Lair:2)
  A water moccasin (Lair:3)
  An orc warrior (Orc:2)
  3 black bears (Lair:6)
  A bullfrog (Lair:4)
  A killer bee (D:10)
  2 wights (D:8)
  A jelly (Lair:5)
  2 hell rats (Lair:2)
  An orc wizard (Orc:2)
  4 orcs
61 creatures vanquished.

Vanquished Creatures (others)
  A bush (Lair:6)
  49 fungi
  107 plants
157 creatures vanquished.

Grand Total: 779 creatures vanquished

Notes
Turn   | Place    | Note
-------+----------+-------------------------------------------
     0 | D:1      | hypoxyphilia the Gnoll Ice Elementalist began the quest for
                  | the Orb.
     0 | D:1      | Reached XP level 1. HP: 13/13 MP: 6/6
   207 | D:1      | Reached XP level 2. HP: 19/19 MP: 5/7
   402 | D:1      | Found a faded altar of an unknown god.
   775 | D:1      | Reached XP level 3. HP: 23/25 MP: 6/9
   777 | D:1      | Reached skill level 5 in Spellcasting
  1135 | D:2      | Reached skill level 1 in Invocations
  1264 | D:2      | Reached skill level 1 in Fighting
  1264 | D:2      | Reached skill level 1 in Short Blades
  1264 | D:2      | Reached skill level 1 in Long Blades
  1264 | D:2      | Reached skill level 1 in Axes
  1264 | D:2      | Reached skill level 1 in Maces & Flails
  1264 | D:2      | Reached skill level 1 in Polearms
  1264 | D:2      | Reached skill level 1 in Staves
  1264 | D:2      | Reached skill level 1 in Slings
  1264 | D:2      | Reached skill level 1 in Bows
  1264 | D:2      | Reached skill level 1 in Crossbows
  1264 | D:2      | Reached skill level 1 in Throwing
  1264 | D:2      | Reached skill level 1 in Armour
  1264 | D:2      | Reached skill level 1 in Shields
  1264 | D:2      | Reached skill level 1 in Unarmed Combat
  1264 | D:2      | Reached skill level 1 in Evocations
  1463 | D:2      | Learned a level 3 spell: Frozen Ramparts
  1467 | D:2      | Learned a level 3 spell: Ozocubu's Armour
  1833 | D:2      | Reached XP level 4. HP: 32/32 MP: 2/11
  2147 | D:3      | Found a blossoming altar of Fedhas.
  2147 | D:3      | Found a burning altar of Makhleb.
  2324 | D:3      | Noticed Terence
  2350 | D:3      | Killed Terence
  2589 | D:3      | Reached skill level 1 in Conjurations
  2589 | D:3      | Reached skill level 1 in Hexes
  2589 | D:3      | Reached skill level 1 in Summonings
  2589 | D:3      | Reached skill level 1 in Necromancy
  2589 | D:3      | Reached skill level 1 in Translocations
  2589 | D:3      | Reached skill level 1 in Transmutations
  2589 | D:3      | Reached skill level 1 in Fire Magic
  2589 | D:3      | Reached skill level 1 in Air Magic
  2589 | D:3      | Reached skill level 1 in Earth Magic
  2589 | D:3      | Reached skill level 1 in Poison Magic
  2756 | D:3      | Found a large runed translucent door.
  2757 | D:3      | Found a large runed translucent door.
  2757 | D:3      | Found a corrupted altar of Lugonu.
  2845 | D:3      | Found a one-way gate to the infinite horrors of the Abyss.
  3109 | D:4      | Reached XP level 5. HP: 37/37 MP: 7/12
  3157 | D:4      | Noticed Ijyb
  3163 | D:4      | Killed Ijyb
  3325 | D:4      | Noticed Robin
  3339 | D:4      | Reached XP level 6. HP: 22/44 MP: 0/13
  3339 | D:4      | Killed Robin
  3466 | D:4      | Noticed Pikel
  3555 | D:4      | Reached skill level 5 in Dodging
  3822 | D:4      | Killed Pikel
  3823 | D:4      | Reached skill level 5 in Stealth
  3823 | D:4      | Reached XP level 7. HP: 29/51 MP: 0/15
  4003 | D:4      | Reached XP level 8. HP: 22/57 MP: 3/16
  4505 | D:4      | Found an opulent altar of Gozag.
  4942 | D:5      | Entered Level 5 of the Dungeon
  5984 | D:5      | Found a broken altar of Ashenzari.
  7145 | D:6      | Noticed Sigmund
  7394 | D:6      | Reached XP level 9. HP: 65/65 MP: 9/18
  7722 | D:6      | Found Gujav's Jewellery Emporium.
  8162 | D:6      | Bought a ring of ice for 325 gold pieces
  8258 | D:6      | Learned a level 4 spell: Hailstorm
  8569 | D:7      | Noticed a deep elf zephyrmancer
  8673 | D:7      | Learned a level 4 spell: Ice Form
  8678 | D:7      | Learned a level 4 spell: Summon Ice Beast
  8998 | D:7      | Found a staircase to the Ecumenical Temple.
  9006 | Temple   | Entered the Ecumenical Temple
  9015 | Temple   | Became a worshipper of Vehumet
  9116 | D:7      | Identified the +2 ring mail of the New World {rCorr MP-9
                  | Slay+5 Stlth+}
  9512 | D:8      | Found a sacrificial altar of Ru.
  9812 | D:8      | Reached skill level 5 in Invocations
  9940 | D:8      | Noticed a cyclops
 10042 | D:8      | Noticed Maggie
 11309 | D:9      | Found a shimmering blue altar of Sif Muna.
 11390 | D:9      | Noticed Joseph
 11410 | D:9      | Killed Joseph
 11411 | D:9      | Reached XP level 10. HP: 33/73 MP: 9/20
 11622 | D:9      | Noticed Harold
 11639 | D:9      | Killed Harold
 11640 | D:9      | Reached skill level 5 in Fighting
 11640 | D:9      | Reached skill level 5 in Short Blades
 11640 | D:9      | Reached skill level 5 in Long Blades
 11640 | D:9      | Reached skill level 5 in Axes
 11640 | D:9      | Reached skill level 5 in Maces & Flails
 11640 | D:9      | Reached skill level 5 in Polearms
 11640 | D:9      | Reached skill level 5 in Staves
 11640 | D:9      | Reached skill level 5 in Slings
 11640 | D:9      | Reached skill level 5 in Bows
 11640 | D:9      | Reached skill level 5 in Crossbows
 11640 | D:9      | Reached skill level 5 in Throwing
 11640 | D:9      | Reached skill level 5 in Armour
 11640 | D:9      | Reached skill level 5 in Shields
 11640 | D:9      | Reached skill level 5 in Unarmed Combat
 11640 | D:9      | Reached skill level 5 in Evocations
 11713 | D:9      | Learned a level 3 spell: Mephitic Cloud
 12273 | D:10     | Entered Level 10 of the Dungeon
 12273 | D:10     | Noticed Snorg
 12454 | D:10     | Noticed Sonja
 12471 | D:10     | Identified the +4 falchion "Sodwiuz" {spect, MP+9 Int-2
                  | SInv}
 12489 | D:10     | Noticed a two-headed ogre
 12529 | D:10     | Found a staircase to the Lair.
 12554 | D:10     | Found a flagged portal.
 12605 | Bailey   | Entered a bailey
 12730 | Bailey   | Noticed an orc warlord
 12787 | Bailey   | Reached * piety under Vehumet
 12787 | Bailey   | Offered knowledge of Sandblast by Vehumet.
 12820 | Bailey   | Found a runed translucent gate.
 12827 | Bailey   | Found a runed translucent gate.
 12828 | Bailey   | Found a runed translucent gate.
 12928 | Bailey   | Learned a level 1 spell: Sandblast
 13155 | Bailey   | Killed an orc warlord
 13198 | Bailey   | Reached skill level 5 in Conjurations
 13198 | Bailey   | Reached skill level 5 in Hexes
 13198 | Bailey   | Reached skill level 5 in Summonings
 13198 | Bailey   | Reached skill level 5 in Necromancy
 13198 | Bailey   | Reached skill level 5 in Translocations
 13198 | Bailey   | Reached skill level 5 in Transmutations
 13198 | Bailey   | Reached skill level 5 in Fire Magic
 13198 | Bailey   | Reached skill level 5 in Air Magic
 13198 | Bailey   | Reached skill level 5 in Earth Magic
 13198 | Bailey   | Reached skill level 5 in Poison Magic
 13198 | Bailey   | Reached XP level 11. HP: 83/83 MP: 8/23
 13199 | Bailey   | Acquired the amulet of Tairiaf {Acrobat rElec rPois Str-2
                  | Int+5}
 13583 | D:10     | Found a runed translucent gate.
 13584 | D:10     | Found a runed translucent gate.
 13584 | D:10     | Noticed SquidGame's ghost (journeyman TeBe)
 13585 | D:10     | Found a runed translucent gate.
 13586 | D:10     | Identified the +7 plate armour "Qiast" {Harm rN+ Str-4}
 13775 | D:10     | Found a hide-covered altar of Uskayaw.
 13861 | Lair:1   | Entered Level 1 of the Lair of Beasts
 13862 | Lair:1   | Noticed a four-headed hydra
 14016 | Lair:1   | Found a runed translucent gate.
 14016 | Lair:1   | Found a runed translucent gate.
 14016 | Lair:1   | Found a runed translucent gate.
 14017 | Lair:1   | Noticed FortyBot's ghost (journeyman FoFi)
 14173 | Lair:1   | Reached XP level 12. HP: 81/89 MP: 15/24
 14546 | Lair:1   | Identified the +0 leather armour "Xiob" {Int+2 Stlth+}
 14553 | Lair:1   | Found a dark tunnel.
 14602 | Lair:1   | Noticed Prince Ribbit
 14662 | Lair:1   | Killed Prince Ribbit
 15395 | Lair:1   | Killed a four-headed hydra
 16040 | Lair:2   | Noticed a five-headed hydra
 16044 | Lair:2   | Noticed Gastronok
 16116 | Lair:2   | Reached ** piety under Vehumet
 16125 | Lair:2   | Offered knowledge of Static Discharge by Vehumet.
 16514 | Lair:2   | Found a hole to the Spider Nest.
 16668 | Lair:2   | Killed Gastronok
 16775 | Lair:2   | Killed a five-headed hydra
 16967 | Lair:3   | Noticed a death yak
 16967 | Lair:3   | Noticed a death yak
 16967 | Lair:3   | Noticed a death yak
 16967 | Lair:3   | Noticed a four-headed hydra
 16967 | Lair:3   | Found a staircase to the Swamp.
 17143 | Lair:3   | Noticed a boulder beetle
 17160 | Lair:3   | Killed a boulder beetle
 17841 | Lair:3   | Reached XP level 13. HP: 96/98 MP: 3/26
 18072 | Lair:3   | Offered knowledge of Searing Ray by Vehumet.
 18918 | Lair:4   | Reached *** piety under Vehumet
 18960 | Lair:4   | Learned a level 7 spell: Ozocubu's Refrigeration
 19275 | Lair:4   | Found a blossoming altar of Fedhas.
 19392 | Lair:4   | Reached skill level 10 in Ice Magic
 19824 | Lair:4   | Offered knowledge of Inner Flame by Vehumet.
 20949 | Lair:5   | Found a hide-covered altar of Uskayaw.
 21010 | Lair:5   | Reached skill level 10 in Spellcasting
 21095 | Lair:5   | Found a staircase to the Slime Pits.
 21107 | Lair:5   | Reached **** piety under Vehumet
 21294 | Lair:4   | Reached XP level 14. HP: 102/106 MP: 7/28
 21432 | Lair:5   | Offered knowledge of Freezing Cloud by Vehumet.
 21547 | Lair:5   | Reached skill level 10 in Dodging
 21975 | Lair:6   | Entered Level 6 of the Lair of Beasts
 22394 | Lair:6   | Reached skill level 10 in Stealth
 22497 | Lair:6   | Reached ***** piety under Vehumet
 22508 | Lair:6   | Offered knowledge of Iskenderun's Mystic Blast by Vehumet.
 22672 | Lair:6   | Reached skill level 10 in Invocations
 24404 | Lair:6   | Found a runed translucent door.
 24855 | Lair:6   | Learned a level 5 spell: Bolt of Magma
 25240 | D:10     | Killed Sonja
 25962 | D:10     | Killed SquidGame's ghost
 26119 | D:10     | Identified the +6 chain mail of Miracles {rPois}
 26976 | D:8      | Killed Maggie
 27212 | D:7      | Reached XP level 15. HP: 114/115 MP: 10/29
 27435 | D:6      | Bought a ring of magical power for 260 gold pieces
 27435 | D:6      | Bought a ring of willpower for 325 gold pieces
 27435 | D:6      | Bought a ring of poison resistance for 260 gold pieces
 27639 | D:6      | Killed Sigmund
 27801 | Swamp:1  | Entered Level 1 of the Swamp
 27931 | D:10     | Killed Snorg
 28223 | D:11     | Offered knowledge of Eringya's Noxious Bog by Vehumet.
 30183 | D:12     | Noticed Nessos
 30190 | D:12     | Killed Nessos
 30442 | D:12     | Noticed Rupert
 31265 | D:12     | Reached skill level 10 in Fighting
 31265 | D:12     | Reached skill level 10 in Short Blades
 31265 | D:12     | Reached skill level 10 in Long Blades
 31265 | D:12     | Reached skill level 10 in Axes
 31265 | D:12     | Reached skill level 10 in Maces & Flails
 31265 | D:12     | Reached skill level 10 in Polearms
 31265 | D:12     | Reached skill level 10 in Staves
 31265 | D:12     | Reached skill level 10 in Slings
 31265 | D:12     | Reached skill level 10 in Bows
 31265 | D:12     | Reached skill level 10 in Crossbows
 31265 | D:12     | Reached skill level 10 in Throwing
 31265 | D:12     | Reached skill level 10 in Armour
 31265 | D:12     | Reached skill level 10 in Shields
 31265 | D:12     | Reached skill level 10 in Unarmed Combat
 31265 | D:12     | Reached skill level 10 in Evocations
 31445 | D:12     | Killed Rupert
 31647 | D:12     | Found a staircase to the Orcish Mines.
 32183 | Orc:1    | Entered Level 1 of the Orcish Mines
 32526 | Orc:2    | Entered Level 2 of the Orcish Mines
 32856 | Orc:2    | Found Poesaiti's Magic Scroll Boutique.
 32856 | Orc:2    | Found Vimeb's Antique Armour Shop.
 32863 | Orc:2    | Found Ehegguex's Antique Armour Shop.
 33024 | Orc:2    | Found Ohapnur's Armour Boutique.
 33083 | Orc:2    | Bought a scroll of identify for 30 gold pieces
 33111 | Orc:2    | Found a staircase to the Elven Halls.
 33274 | Orc:2    | Offered knowledge of Conjure Ball Lightning by Vehumet.
 33362 | Orc:2    | Bought a pair of embroidered gloves for 202 gold pieces
 33374 | Orc:2    | Bought a scroll of blinking for 112 gold pieces
 33374 | Orc:2    | Bought a scroll of teleportation for 45 gold pieces
 33374 | Orc:2    | Bought a scroll of teleportation for 45 gold pieces
 33870 | Orc:1    | Noticed an orc warlord
 33875 | Orc:1    | Noticed Jorgrun
 34064 | Orc:1    | Killed from afar by Jorgrun

Illustrated notes

Levels and vault maps discovered:
D:1:      kennysheep_arrival_forest, layout_basic,
          hellmonk_ecumenical_altar_inner_sanctum, hex_intersection
D:2:      layout_basic
D:3:      due_chaos_kobolds, layout_basic,
          chequers_temple_overflow_statue_of_worship, uniq_terence
D:4:      layout_basic, grunt_gozag_breadcrumbs, gup_sewer_entry_glass,
          minmay_a_box_with_orc_wizards_in_it, uniq_robin, uniq_ijyb, uniq_pikel
D:5:      layout_gridville, cheibrodos_ashenzari_chains
D:6:      layout_cave_pods, serial_shops, shop, uniq_sigmund
D:7:      layout_loops_ring, minmay_temple_entry_fiery,
          guppyfry_early_elven_hall
D:8:      layout_basic, nicolae_ru_awakened_eye, kennysheep_generic_room_5,
          uniq_maggie
D:9:      layout_layer_cave, led_sif_pool, kennysheep_island_fort, uniq_harold,
          uniq_joseph
D:10:     layout_long_grid, nicolae_uskayaw_suspiria, lair_entry_dummy,
          enter_bailey_5, biasface_ghost_orc_armoury, uniq_sonja, uniq_snorg
D:11:     cheibrodos_tormentor_scu, layout_rooms
D:12:     layout_stronghold, orc_0_dummy, uniq_nessos, uniq_rupert
Temple:   nicolae_temple_no_exploring_needed
Lair:1:   layout_chaotic_city, lightli_volcano_entry_magma_tube,
          ebering_ghost_rock_garden, chequers_serial_rivers_large_a,
          uniq_prince_ribbit2
Lair:2:   layout_hall_layers, spider_nest_entry_rubble, serial_bayou_shore_a,
          minmay_lair_oklob_chamber, uniq_gastronok
Lair:3:   layout_roguey, minmay_swamp_entry_reptiles, beast_lair_carwin_2
Lair:4:   nzn_winding_woodlands_medium [nzn_winding_woodlands_hourglass,
          nzn_winding_woodlands_5x15_crooked,
          nzn_winding_woodlands_5x5_perimeter, nzn_winding_woodlands_5x5_three,
          nzn_winding_woodlands_center_garden,
          nzn_winding_woodlands_5x5_checkerboard,
          nzn_winding_woodlands_5x5_closed_star,
          nzn_winding_woodlands_5x15_default,
          nzn_winding_woodlands_5x5_default], layout_regular_city, tgw_fedhas
Lair:5:   layout_big_grid, minmay_slime_entry_jelly_boxes, basic_altar
Lair:6:   wormcave, layout_regular_city, hangedman_lair_caniforms_friends,
          lemuel_fruit_tree
Swamp:1:  layout_basic_swamp, evilmike_swamp_ruin_house_1
Orc:1:    layout_caves, uniq_jorgrun
Orc:2:    st_orc_mages, layout_caves, basic_altar

Skill      XL: |  1  2  3  4  5  6  7  8  9 10 11 12 13 14 15 |
---------------+----------------------------------------------+-----
Spellcasting   | 5 6 7 8 9 10 11 | 11.3
Invocations    | 1 2 3 4 5 7 8 9 10 11 | 11.1
Fighting       | 1 2 3 4 6 7 8 9 10 | 10.2
Short Blades   | 1 2 3 4 6 7 8 9 10 | 10.2
Long Blades    | 1 2 3 4 6 7 8 9 10 | 10.2
Axes           | 1 2 3 4 6 7 8 9 10 | 10.2
Maces & Flails | 1 2 3 4 6 7 8 9 10 | 10.2
Polearms       | 1 2 3 4 6 7 8 9 10 | 10.2
Staves         | 1 2 3 4 6 7 8 9 10 | 10.2
Slings         | 1 2 3 4 6 7 8 9 10 | 10.2
Bows           | 1 2 3 4 6 7 8 9 10 | 10.2
Crossbows      | 1 2 3 4 6 7 8 9 10 | 10.2
Throwing       | 1 2 3 4 6 7 8 9 10 | 10.2
Armour         | 1 2 3 4 6 7 8 9 10 | 10.2
Shields        | 1 2 3 4 6 7 8 9 10 | 10.2
Unarmed Combat | 1 2 3 4 6 7 8 9 10 | 10.2
Evocations     | 1 2 3 4 6 7 8 9 10 | 10.2
Conjurations   | 1 2 3 4 5 6 7 8 |  8.6
Hexes          | 1 2 3 4 5 6 7 8 |  8.6
Summonings     | 1 2 3 4 5 6 7 8 |  8.6
Necromancy     | 1 2 3 4 5 6 7 8 |  8.6
Translocations | 1 2 3 4 5 6 7 8 |  8.6
Transmutations | 1 2 3 4 5 6 7 8 |  8.6
Fire Magic     | 1 2 3 4 5 6 7 8 |  8.6
Air Magic      | 1 2 3 4 5 6 7 8 |  8.6
Earth Magic    | 1 2 3 4 5 6 7 8 |  8.6
Poison Magic   | 1 2 3 4 5 6 7 8 |  8.6
Dodging        | 5 6 8 9 10 11 | 11.1
Stealth        | 5 6 7 8 9 10 11 | 11.0
Ice Magic      | 8 9 10 11 | 11.1

Action                   |  1- 3 |  4- 6 |  7- 9 | 10-12 | 13-15 || total
-------------------------+-------+-------+-------+-------+-------++-------
Melee: Club              |    22 |    18 |   160 |    29 |    51 ||   280
       Staff             |    10 |    11 |       |     4 |     2 ||    27
       Bite              |     4 |     1 |    12 |     3 |     8 ||    28
       Punch             |       |     1 |       |       |       ||     1
       Unarmed           |       |       |       |    29 |   119 ||   148
       Long sword        |       |       |       |       |    22 ||    22
 Fire: Hunting sling     |       |       |    27 |    19 |       ||    46
Throw: Dart              |       |       |       |    21 |     1 ||    22
       Stone             |       |       |       |     1 |       ||     1
 Cast: Freeze            |    39 |    46 |    56 |    76 |    72 ||   289
       Frozen Ramparts   |     2 |    10 |    37 |    44 |    33 ||   126
       Ozocubu's Armour  |       |     3 |    34 |    22 |     6 ||    65
       Mephitic Cloud    |       |       |       |     4 |     3 ||     7
       Summon Ice Beast  |       |       |       |    17 |    85 ||   102
       Sandblast         |       |       |       |     1 |       ||     1
       Hailstorm         |       |       |       |    29 |    69 ||    98
       Ice Form          |       |       |       |     7 |    33 ||    40
       Ozocubu's Refrige |       |       |       |       |   172 ||   172
       Bolt of Magma     |       |       |       |       |    13 ||    13
Evoke: Wand              |       |       |     6 |     1 |    14 ||    21
  Use: Scroll            |       |     1 |     4 |     4 |    13 ||    22
       Potion            |       |       |       |     1 |     8 ||     9
 Stab: Sleeping          |     2 |     2 |     4 |     2 |       ||    10
       Distracted        |       |     1 |       |       |     1 ||     2
       Paralysed         |       |       |       |       |     3 ||     3
Armor: Ring mail         |    22 |       |       |       |       ||    22
       Leather armour    |       |     8 |     9 |    11 |    57 ||    85
       Robe              |       |       |    80 |     2 |     6 ||    88
       Acid dragon scale |       |       |       |    32 |       ||    32
       Skin              |       |       |       |     8 |    42 ||    50
       Swamp dragon scal |       |       |       |       |     2 ||     2
Dodge: Dodged            |    29 |    41 |   154 |    82 |   304 ||   610
Block: Buckler           |       |       |    87 |    43 |    75 ||   205
       Reflection        |       |       |     5 |    13 |       ||    18
